 Dungeon Crawl Stone Soup version 0.21.1-1-g345015f (webtiles) character file.

516 Labyrinth the Poker (level 7, -4/48 HPs)
             Began as a Merfolk Venom Mage on July 25, 2018.
             Was an Initiate of Fedhas.
             Slain by dscm's ghost (10 damage)
             ... on level 4 of the Dungeon.
             The game lasted 00:21:09 (3265 turns).

Labyrinth the Poker (Merfolk Venom Mage)            Turns: 3265, Time: 00:21:10

Health: -4/48      AC:  6    Str: 10    XL:     7   Next: 20%
Magic:  11/11      EV: 13    Int: 15    God:    Fedhas [......]
Gold:   219        SH:  0    Dex: 14    Spells: 2/12 levels left

rFire    + . .     SeeInvis .   o - +1 spear (venom)
rCold    . . .     Gourm    .   (no shield)
rNeg     . . .     Faith    .   a - +3 leather armour
rPois    +         Spirit   .   (no helmet)
rElec    .         Reflect  .   (no cloak)
rCorr    .         Harm     .   (no gloves)
MR       .....                  (no boots)
Stlth    ++........             (no amulet)
HPRegen  0.16/turn              d - ring of poison resistance
MPRegen  0.12/turn              s - ring of protection from fire

@: no status effects
A: change form in water, swift swim, stealthy swim
a: Fungal Bloom, Renounce Religion


You were on level 4 of the Dungeon.
You worshipped Fedhas.
Fedhas was noncommittal.
You were not hungry.

You visited 1 branch of the dungeon, and saw 4 of its levels.

You collected 219 gold pieces.

Inventory:

Hand Weapons
 e - a +0 dagger
 o - a +1 spear of venom (weapon)
 C - a +0 trident
Missiles
 g - 124 stones
 m - 91 arrows
 n - 15 bolts
 p - 53 sling bullets
 q - 10 poisoned needles
 t - 8 curare-tipped needles
 y - 5 javelins (quivered)
Armour
 a - a +3 leather armour (worn)
 x - a +2 robe
Jewellery
 d - a ring of poison resistance (left hand)
 s - a ring of protection from fire (right hand)
Scrolls
 f - a scroll of fear
 j - 2 scrolls of enchant armour
 l - a scroll of remove curse
 v - a scroll of teleportation {unknown}
Potions
 h - a potion of ambrosia
 i - a potion of brilliance {unknown}
 k - 2 potions of flight
 r - 2 potions of haste
 u - a potion of agility {unknown}
 w - a potion of curing {unknown}
 z - a potion of mutation {unknown}
 B - a potion of magic {unknown}
Books
 b - a Young Poisoner's Handbook

   Spells                             Type                      Level
   a - Sting                          Conjuration/Poison           1
   b - Poisonous Vapours              Poison/Air                   2
   c - Mephitic Cloud                 Conjuration/Poison/Air       3
   d - Olgreb's Toxic Radiance        Poison                       4
   e - Venom Bolt                     Conjuration/Poison           5
Comestibles
 c - 6 rations


   Skills:
 + Level 1.3 Fighting
 + Level 4.5 Polearms
 + Level 0.6 Throwing
 + Level 1.6 Armour
 + Level 3.8 Dodging
 + Level 3.3 Stealth
 + Level 3.2 Spellcasting
 + Level 2.0 Conjurations
 + Level 0.2 Air Magic
 + Level 4.5 Poison Magic


You had 2 spell levels left.
You knew the following spells:

 Your Spells              Type           Power        Failure   Level  Hunger
a - Sting                 Conj/Pois      ##..         7%          1    #......
b - Poisonous Vapours     Pois/Air       #.....       14%         2    ##.....
c - Mephitic Cloud        Conj/Pois/Air  #.......     30%         3    ###....
d - Olgreb's Toxic Radia  Pois           ###.....     36%         4    #####..


Dungeon Overview and Level Annotations

Branches:
Dungeon (4/15)             Temple (0/1) D:4

Altars:
Ashenzari
Fedhas
Hepliaklqana
Kikubaaqudgha
Nemelex Xobeh
Vehumet
The Shining One

Annotations:
D:4 dscm's ghost, amateur HOFi


Message History

You hit dscm's ghost.
Dscm's ghost is severely damaged.
You barely miss dscm's ghost.
Dscm's ghost is severely damaged.
Dscm's ghost closely misses you.
You hit dscm's ghost but do no damage.
Dscm's ghost is severely damaged.
Dscm's ghost closely misses you.
You hit dscm's ghost.
Dscm's ghost is severely damaged.
Dscm's ghost hits you but does no damage.
You hit dscm's ghost but do no damage.
Dscm's ghost is severely damaged.
Dscm's ghost hits you.
* * * LOW HITPOINT WARNING * * *
You closely miss dscm's ghost.
Dscm's ghost is severely damaged.
Dscm's ghost hits you!
You die...
Fedhas appreciates your contribution to the ecosystem.

.........##.......# #.#
......รท..##.#.##### #.##
.........##.#.# #..#
.........##...# ##.#
########.##.### #.## #..#)#
#.## ###.))######### #.##
##.<.#....PPP..# #.##
##........PP@PP.# #.##
#....>..>#PPWP..##########>#.
#........#..P................
#..........PPP..##########..#
######......#..###### ##.#
............#.## #.#
.##.........#(# #.#
..##........#.# #..
.....#.....##.# ##.


You could see dscm's ghost.

Vanquished Creatures
  An ogre (D:4)
  A bullfrog (D:3)
  A scorpion (D:4)
  2 orc priests (D:4)
  A hound (D:4)
  An orc wizard (D:4)
  Jessica (D:3)
  An iguana (D:4)
  2 worker ants (D:4)
  4 adders
  A worm (D:2)
  2 dart slugs
  7 orcs (D:4)
  5 bats
  3 giant cockroaches
  2 hobgoblins
  12 jackals
  4 frilled lizards
  2 goblins
  9 kobolds
  6 rats
  A fungus (D:4)
69 creatures vanquished.

Vanquished Creatures (others)
  A toadstool (D:4)
1 creature vanquished.

Grand Total: 70 creatures vanquished

Notes
Turn   | Place    | Note
-------+----------+-------------------------------------------
     0 | D:1      | Labyrinth the Merfolk Venom Mage began the quest for the Orb.
     0 | D:1      | Reached XP level 1. HP: 13/13 MP: 3/3
   168 | D:1      | Reached XP level 2. HP: 17/19 MP: 0/5
   172 | D:1      | Learned a level 2 spell: Poisonous Vapours
   758 | D:2      | Reached XP level 3. HP: 23/24 MP: 3/6
   965 | D:2      | Learned a level 3 spell: Mephitic Cloud
  1170 | D:2      | Reached skill level 1 in Conjurations
  1220 | D:2      | Reached skill level 1 in Armour
  1220 | D:2      | Reached XP level 4. HP: 19/30 MP: 7/7
  1518 | D:3      | Noticed Jessica
  1533 | D:3      | Killed Jessica
  1568 | D:3      | Found a sparkling altar of Nemelex Xobeh.
  1723 | D:3      | Reached XP level 5. HP: 31/35 MP: 6/8
  2127 | D:3      | Found a faded altar of an unknown god.
  2431 | D:3      | Found a radiant altar of Vehumet.
  2431 | D:3      | Found a sparkling altar of Nemelex Xobeh.
  2433 | D:3      | Found an ancient bone altar of Kikubaaqudgha.
  2433 | D:3      | Found a hazy altar of Hepliaklqana.
  2433 | D:3      | Found a glowing golden altar of the Shining One.
  2456 | D:3      | Found a shattered altar of Ashenzari.
  2697 | D:4      | Reached XP level 6. HP: 28/42 MP: 10/10
  2732 | D:4      | Learned a level 4 spell: Olgreb's Toxic Radiance
  2763 | D:4      | Reached skill level 1 in Fighting
  2903 | D:4      | Reached XP level 7. HP: 39/48 MP: 3/11
  2916 | D:4      | Found a blossoming altar of Fedhas.
  2950 | D:4      | Became a worshipper of Fedhas Madash
  3069 | D:4      | Found a staircase to the Ecumenical Temple.
  3170 | D:4      | Noticed dscm's ghost (amateur HOFi)
  3265 | D:4      | Slain by dscm's ghost

Skill      XL: |  1  2  3  4  5  6  7 |
---------------+----------------------+-----
Dodging        | 3 |  3.8
Poison Magic   | 4 |  4.5
Conjurations   | 1 2 |  2.0
Armour         | 1 |  1.6
Polearms       | 2 3 4 |  4.5
Fighting       | 1 |  1.3
Stealth        | 3 |  3.3
Spellcasting   | 3 |  3.2
Throwing       | |  0.6
Air Magic      | |  0.2

Action                   |  1- 3 |  4- 6 |  7- 9 || total
-------------------------+-------+-------+-------++-------
Melee: Unarmed           |    25 |       |       ||    25
       Dagger            |    21 |       |       ||    21
       Spear             |    49 |    70 |    59 ||   178
Throw: Javelin           |       |     5 |     3 ||     8
 Cast: Sting             |    36 |    27 |     7 ||    70
       Mephitic Cloud    |       |     2 |       ||     2
       Poisonous Vapours |       |     2 |     1 ||     3
Invok: Fungal Bloom      |       |       |     1 ||     1
  Use: Scroll            |     3 |       |     2 ||     5
       Potion            |     1 |       |     1 ||     2
 Stab: Distracted        |       |       |     1 ||     1
  Eat: Chunk             |     2 |       |       ||     2
       Ration            |       |     2 |     1 ||     3
Armor: Robe              |    16 |     3 |       ||    19
       Ring mail         |    27 |       |       ||    27
       Leather armour    |       |     8 |     8 ||    16
Dodge: Dodged            |    83 |    46 |    19 ||   148
